 Dungeon Crawl Stone Soup version 0.23.2 (webtiles) character file.

Game seed: 14822981709884278162

103 Borgoz the Cutter (level 4, -1/40 HPs)
             Began as a Gargoyle Gladiator on Apr 9, 2019.
             Slain by a black bear (2 damage)
             ... on level 2 of the Dungeon.
             The game lasted 00:01:19 (940 turns).

Borgoz the Cutter (Gargoyle Gladiator)               Turns: 940, Time: 00:01:20

Health: -1/40      AC: 22    Str: 17    XL:     4   Next: 79%
Magic:  4/4        EV:  2    Int:  9    God:
Gold:   60         SH:  0    Dex: 17    Spells: 3/3 levels left

rFire    . . .     SeeInvis .   j - +0 dagger (elec)
rCold    . . .     Gourm    .   (no shield)
rNeg     + + +     Faith    .   (armour currently unavailable)
rPois    ∞         Spirit   .   (helmet currently unavailable)
rElec    .         Reflect  .   (cloak currently unavailable)
rCorr    .         Harm     .   (gloves currently unavailable)
MR       .....     NoTele   +   (boots currently unavailable)
Stlth    +++.......             (no amulet)
HPRegen  0.13/turn              (no ring)
MPRegen  0.09/turn              (no ring)

@: agile, tree-form
A: negative energy resistance 1, petrification resistance, rot immunity, AC +3
a: no special abilities


You were on level 2 of the Dungeon.
You were not hungry.
You were a tree.
You visited 1 branch of the dungeon, and saw 2 of its levels.

You collected 60 gold pieces.

Inventory:

Hand Weapons
 a - a +0 rapier
 j - a +0 dagger of electrocution (weapon)
Missiles
 d - 3 throwing nets (quivered)
 h - 6 tomahawks
Armour
 b - a +0 leather armour (melded)
 c - a +0 helmet (melded)
Jewellery
 g - a +5 ring of intelligence {unknown}
Scrolls
 i - a scroll of identify {unknown}
 l - a scroll of noise {unknown}
 m - a scroll of random uselessness {unknown}
Comestibles
 f - 2 rations


   Skills:
 + Level 2.7 Fighting
 * Level 3.4 Short Blades
 - Level 1.7 Throwing
 + Level 1.3 Armour
 * Level 3.2 Dodging
 + Level 1.4 Stealth


You had 3 spell levels left.
You didn't know any spells.
Your spell library was empty.

Dungeon Overview and Level Annotations

Branches:
Dungeon (2/15)

Altars:


Innate Abilities, Weirdness & Mutations

You are resistant to torment.
((Your stone body is resilient. (AC +3)))
You are immune to poison.
You resist negative energy. (rN+)
((You are resistant to electric shocks. (rElec)))
((You can survive without breathing.))
You are immune to petrification.
You are immune to rotting.


Message History

The black bear bites you but does no damage.
The black bear completely misses you.
The black bear claws you but does no damage.
You barely miss the black bear.
The black bear is moderately wounded.
The black bear bites you but does no damage.
The black bear claws you.
* * * LOW HITPOINT WARNING * * *
The black bear claws you but does no damage.
It was a potion of agility.
You feel agile all of a sudden.
The black bear bites you but does no damage.
The black bear claws you but does no damage. x2
You hit the black bear.
The black bear is heavily wounded.
You barely miss the black bear.
The black bear is heavily wounded.
The black bear bites you but does no damage.
The black bear claws you.
You die...

$... .......
....... .......
....... .......##
.......b###########
.......wh♣........
........#####....
........#####.# #
......?.......###
.......#........#
##
......#..######.##
. ........## #..#
.# ...##### ##.##.#
... #....#####


You could see a black bear, a worm and a bat.

Vanquished Creatures
  A scorpion (D:2)
  A hound (D:2)
  A leopard gecko (D:1)
  A bat (D:1)
  2 giant cockroaches
  6 goblins (D:1)
  2 hobgoblins (D:1)
  2 jackals (D:1)
  A kobold (D:1)
  A quokka (D:2)
  A frilled lizard (D:2)
  2 rats (D:1)
21 creatures vanquished.

Notes
Turn   | Place    | Note
-------+----------+-------------------------------------------
     0 | D:1      | Borgoz the Gargoyle Gladiator began the quest for the Orb.
     0 | D:1      | Reached XP level 1. HP: 12/12 MP: 1/1
   272 | D:1      | Reached XP level 2. HP: 16/18 MP: 2/2
   908 | D:2      | Noticed a scorpion
   912 | D:2      | Noticed a black bear
   918 | D:2      | Killed a scorpion
   918 | D:2      | Reached skill level 1 in Armour
   918 | D:2      | Reached skill level 1 in Stealth
   918 | D:2      | Reached XP level 3. HP: 16/22 MP: 3/3
   918 | D:2      | Reached XP level 4. HP: 19/27 MP: 4/4
   937 | D:2      | HP: 1/40 [black bear (2)]
   940 | D:2      | Slain by a black bear

Skill      XL: |  1  2 |
---------------+-------+-----
Short Blades   | 3 |  3.4
Armour         | 1 |  1.3
Dodging        | 3 |  3.2
Stealth        | 1 |  1.4
Fighting       | |  2.7
Throwing       | |  1.7

Action                   |  1- 3 |  4- 6 || total
-------------------------+-------+-------++-------
Melee: Rapier            |    62 |       ||    62
       Dagger            |    11 |    17 ||    28
  Use: Potion            |       |     2 ||     2
Armor: Leather armour    |    35 |    14 ||    49
       Skin              |       |     8 ||     8
Dodge: Dodged            |    45 |    28 ||    73
